 Dungeon Crawl Stone Soup version 0.27.1-33-g824d729ab1 (webtiles) character file.

Game seed: 2287299950031014354

440 unlimited1921 the Skirmisher (level 7, -1/37 HPs)
             Began as a Vine Stalker Fighter on Dec 30, 2021.
             Slain by an ogre (20 damage)
             ... on level 4 of the Dungeon.
             The game lasted 00:12:51 (2674 turns).

unlimited1921 the Skirmisher (Vine Stalker Fighter) Turns: 2674, Time: 00:12:52

Health: -1/37      AC: 10    Str: 21      XL:     7   Next: 2%
Magic:  0/8        EV:  5    Int:  8      God:
Gold:   34         SH:  9    Dex: 12 (13) Spells: 6/6 levels left

rFire    . . .     SeeInvis .   a - +1 long sword
rCold    + . .     Faith    .   c - +0 kite shield
rNeg     + . .     Spirit   +   f - +1 chain mail {rC+}
rPois    .         Reflect  .   (no helmet)
rElec    .         Harm     .   (no cloak)
rCorr    .         Rampage  .   (no gloves)
Will     .....                  (no boots)
Stlth    ..........             (no amulet)
HPRegen  1.12/turn              i - ring of positive energy
MPRegen  0.11/turn              (no ring)

@: no status effects
A: fangs 2, regeneration 1, magic shield, antimagic bite, no potion heal 2
a: no special abilities


You were on level 4 of the Dungeon.
You visited 1 branch of the dungeon, and saw 4 of its levels.

You collected 34 gold pieces.

Inventory:

Hand Weapons
 a - a +1 long sword (weapon)
 k - a +0 morningstar
Armour
 b - a +0 scale mail
 c - a +0 kite shield (worn)
 f - a +1 chain mail of cold resistance (worn)
Jewellery
 i - a ring of positive energy (left hand)
Wands
 n - a wand of flame (12)
Scrolls
 h - a scroll of holy word
Potions
 d - a potion of might
 e - a potion of attraction {unknown}
 g - a potion of flight {unknown}
 j - a potion of cancellation
 l - a potion of invisibility
 m - a potion of degeneration {unknown}


   Skills:
 * Level 3.9 Fighting
 + Level 3.8 Long Blades
 + Level 3.9 Armour
 + Level 0.7 Dodging
 + Level 3.8 Shields


You had 6 spell levels left.
You didn't know any spells.
Your spell library contained the following spells:

 Spells                   Type           Power      Damage    Failure   Level
 Sting                    Tmut/Pois      0%         1d3       100%        1
 Summon Small Mammal      Summ           0%         N/A       100%        1
 Spider Form              Tmut/Pois      0%         N/A       100%        3
 Hailstorm                Conj/Ice       0%         3d3       100%        4
 Ice Form                 Ice/Tmut       0%         N/A       100%        4
 Simulacrum               Ice/Necr       0%         N/A       100%        6
 Dragon's Call            Summ           0%         N/A       100%        9


Dungeon Overview and Level Annotations

Branches:
Dungeon (4/15)             Temple (0/1) D:4

Altars:
Makhleb
Okawaru
Trog
Vehumet

Annotations:
D:4 Eustachio


Innate Abilities, Weirdness & Mutations

You have extremely sharp teeth.
Your natural rate of healing is unusually fast.
When hurt, damage is shared between your health and your magic reserves.
Your bite disrupts and absorbs the magic of your enemies.
Potions cannot restore your health.


Message History

The river rat disappears in a puff of smoke!
The bat disappears in a puff of smoke!
The river rat bites you but does no damage.
You closely miss the river rat. You bite the river rat. You drain its power.
The river rat is moderately wounded.
The river rat bites you but does no damage.
Unknown command.
You hit the river rat.
The river rat is almost dead.
The river rat bites you but does no damage.
The river rat bites you.
You hit the river rat.
You kill the river rat!
The river rat's corpse disappears in a puff of smoke!
Eustachio casts a spell.
You barely miss the quokka.
The iron imp disappears in a puff of smoke!
You block the quokka's attack. The quokka completely misses you.
You completely miss the quokka.
Eustachio casts a spell.
The quokka barely misses you.
You riposte.
You slash the quokka!
You kill the quokka!
The quokka's corpse disappears in a puff of smoke!
You hit Eustachio. Your bite misses Eustachio.
Eustachio is moderately wounded.
Eustachio utters an oath, "I will die for my friends!"
Eustachio casts a spell.
Eustachio blinks!
You completely miss the ogre. You block the ogre's attack.
Eustachio gestures wildly while chanting.
Eustachio blinks!
You hit the ogre. You bite the ogre! You drain its power.
The ogre is heavily wounded.
The ogre hits you with a +0 giant club!
You hit the ogre. You bite the ogre. You drain its power.
You feel invigorated.
The ogre is severely wounded.
The ogre hits you with a +0 giant club!
The ogre hits you with a +0 giant club!!
Ouch! That really hurt!
You die...

♣.≈.≈...##...########...#
≈≈#≈≈. #..>...### ##.###
..≈.≈≈♣≈.#...†..#### ....#
##≈Z..≈.####.....#..##..#..
≈..≈......##..##.......##..
≈≈..≈≈..§5r...##.#.#.####..
..≈.≈≈.Z#b#.###.###.# #..
......5.#O###...##..####..
####.5.r#@#.#...###...##..
##r.5#....§§≈..##..##..
##..r.....≈§§§≈.##.###..
#......##§§§§§≈§...#.(..
#....?.##§§§>≈§≈.....##.
#....#..#§§§≈§§≈.....##.
#......#....≈§§≈≈..##.##..
≈≈......##.....≈§)..##..####
≈.♣≈......#......).)..........


You could see an ogre, an ufetubus (summoned), a quokka (summoned) and a bat
(summoned).

Vanquished Creatures
  An ice beast (D:4)
  An ogre (D:4)
  A centaur (D:4)
  A hound (D:4)
  2 orc priests (D:4)
  Ijyb (D:4)
  Terence (D:1)
  A gnoll (D:1)
  A worm (D:2)
  A dart slug (D:4)
  2 orcs (D:4)
  2 bats
  8 endoplasms
  3 giant cockroaches
  4 goblins
  3 hobgoblins
  A quokka (D:3)
  2 ball pythons
  A frilled lizard (D:2)
  6 kobolds
  A rat (D:3)
44 creatures vanquished.

Notes
Turn   | Place    | Note
-------+----------+-------------------------------------------
     0 | D:1      | unlimited1921 the Vine Stalker Fighter began the quest for
                  | the Orb.
     0 | D:1      | Reached XP level 1. HP: 11/11 MP: 2/2
     9 | D:1      | Found a faded altar of an unknown god.
   562 | D:1      | Reached XP level 2. HP: 10/16 MP: 3/3
  1233 | D:1      | Reached XP level 3. HP: 16/20 MP: 4/4
  1440 | D:2      | Got the Incunabulum of Unstable Creation
  1577 | D:2      | Noticed Terence
  2020 | D:1      | Killed Terence
  2021 | D:1      | Gained mutation: Your natural rate of healing is unusually
                  | fast. [Vine Stalker growth]
  2021 | D:1      | Reached XP level 4. HP: 17/24 MP: 2/5
  2222 | D:3      | Found a burning altar of Makhleb.
  2254 | D:3      | You fall into a shaft and drop 1 floor!
  2257 | D:4      | Found a bloodstained altar of Trog.
  2257 | D:4      | Noticed a centaur
  2272 | D:4      | Killed a centaur
  2273 | D:4      | Reached XP level 5. HP: 18/28 MP: 2/6
  2361 | D:4      | Found an iron altar of Okawaru.
  2361 | D:4      | Noticed an ogre
  2367 | D:4      | Killed an ogre
  2368 | D:4      | Reached XP level 6. HP: 27/33 MP: 4/7
  2523 | D:4      | Found a radiant altar of Vehumet.
  2565 | D:4      | Found a staircase to the Ecumenical Temple.
  2581 | D:4      | Noticed an ice beast
  2592 | D:4      | Killed an ice beast
  2604 | D:4      | Noticed Ijyb
  2617 | D:4      | Killed Ijyb
  2618 | D:4      | Reached XP level 7. HP: 37/37 MP: 8/8
  2629 | D:4      | Noticed Eustachio
  2674 | D:4      | Slain by an ogre

Illustrated notes

Levels and vault maps discovered:
D:1:      heliophobic_arrival_henge, layout_loops_corners,
          hellmonk_ecumenical_altar_crossroads
D:2:      layout_rooms, amcnicky_mini_rare_corridor_liquid, uniq_terence
D:3:      layout_basic, bloody_makhleb,
          chequers_temple_overflow_statue_of_worship
D:4:      layout_cave_pools, mainiacjoe_overflow_paths,
          mainiacjoe_overflow_24_doors, mainiacjoe_overflow_alcove_4,
          minmay_temple_entry_mist, serial_rivers,
          chequers_serial_rivers_small_3, chequers_serial_rivers_micro_c,
          chequers_serial_rivers_marsh, chequers_serial_rivers_marsh,
          chequers_serial_rivers_micro_d, minmay_fractal_squares_gapless_5,
          uniq_eustachio, uniq_ijyb

Skill      XL: |  1  2  3  4  5 |
---------------+----------------+-----
Fighting       | 3 |  3.9
Long Blades    | 2 3 |  3.8
Armour         | 3 |  3.9
Shields        | 3 |  3.8
Dodging        | |  0.7

Action                   |  1- 3 |  4- 6 |  7- 9 || total
-------------------------+-------+-------+-------++-------
Melee: Long sword        |    62 |    76 |    29 ||   167
       Bite              |    20 |    23 |     4 ||    47
  Use: Potion            |     1 |       |       ||     1
       Scroll            |     7 |       |       ||     7
Armor: Scale mail        |    24 |       |       ||    24
       Chain mail        |       |    48 |    38 ||    86
Dodge: Dodged            |    15 |    19 |    19 ||    53
Block: Kite shield       |    28 |    40 |    29 ||    97
       Rpst.: Long sword |     3 |     4 |     4 ||    11
